 Dungeon Crawl Stone Soup version 0.27-a0-1324-ge0d8e047f6 (webtiles) character file.

Game seed: 15321380702029268067

273 BlueGoblin the Conjurer (level 6, -3/53 HPs)
             Began as an Ogre Conjurer on June 23, 2021.
             Was an Initiate of Vehumet.
             Slain by an orc (6 damage)
             ... on level 4 of the Dungeon.
             The game lasted 00:07:49 (3151 turns).

BlueGoblin the Conjurer (Ogre Conjurer)             Turns: 3151, Time: 00:07:50

Health: -3/53      AC:  5    Str: 12    XL:     6   Next: 23%
Magic:  2/12       EV:  9    Int: 19    God:    Vehumet [......]
Gold:   93         SH:  0    Dex:  7    Spells: 10/13 levels left

rFire    . . .     SeeInvis .   b - +0 dagger
rCold    . . .     Faith    .   (no shield)
rNeg     . . .     Spirit   .   a - +1 robe
rPois    +         Reflect  .   (helmet restricted)
rElec    .         Harm     .   c - +0 cloak
rCorr    .         Rampage  .   (gloves unavailable)
Will     .....                  (boots unavailable)
Stlth    ++........             (no amulet)
HPRegen  0.17/turn              j - ring of poison resistance
MPRegen  0.13/turn              (no ring)

@: flying
A: large, unfitting armour, tough skin 1, dopey 1
a: Renounce Religion


You were on level 4 of the Dungeon.
You worshipped Vehumet.
Vehumet was noncommittal.
You visited 1 branch of the dungeon, and saw 4 of its levels.

You collected 93 gold pieces.

Inventory:

Hand Weapons
 b - a +0 dagger (weapon)
Armour
 a - a +1 robe (worn)
 c - a +0 cloak (worn)
Magical Staves
 h - a staff of earth
Jewellery
 d - an amulet of guardian spirit
 j - a ring of poison resistance (left hand)
Wands
 n - a wand of flame (10)
Scrolls
 f - a scroll of identify {unknown}
 i - a scroll of holy word {unknown}
 l - a scroll of noise {unknown}
Potions
 g - a potion of might {unknown}
 k - a potion of degeneration {unknown}
 m - a potion of curing {unknown}
 o - a potion of flight
 p - a potion of heal wounds {unknown}


   Skills:
 + Level 0.1 Fighting
 + Level 0.1 Short Blades
 + Level 2.1 Dodging
 + Level 2.4 Stealth
 + Level 4.1 Spellcasting
 + Level 5.3 Conjurations


You had 10 spell levels left.
You knew the following spells:

 Your Spells              Type           Power      Damage    Failure   Level
a - Magic Dart            Conj           96%        1d7       1%          1
b - Searing Ray           Conj           48%        3d5       2%          2

Your spell library contained the following spells:

 Spells                   Type           Power      Damage    Failure   Level
 Dazzling Flash           Conj/Hex       28%        N/A       14%         3
 Fulminant Prism          Conj/Hex       7%         3d7       41%         4
 Iskenderun's Mystic Bla  Conj/Tloc      14%        2d5       41%         4


Dungeon Overview and Level Annotations

Branches:
Dungeon (4/15)
 Temple: D:4-7

Altars:
Vehumet


Innate Abilities, Weirdness & Mutations

You are too large for most types of armour.
You have tough skin. (AC +1)
You are dopey. (Int -2)


Message History

Confirm with . or Enter, or press ? or * to list all spells.
Aiming: Searing Ray (safe; 1% risk of failure)
Press: ? - help, Shift-Dir - straight line, f - hound
Aim: a hound (71% to hit)
The searing ray hits the hound.
The hound is lightly wounded. (Press . to maintain the ray.)
The hound barely misses you.
The orc hits you with a +2 dagger of venom.
* * * LOW HITPOINT WARNING * * *
You barely miss the hound.
The hound is lightly wounded.
The hound bites you.
* * * LOW HITPOINT WARNING * * *
The orc barely misses you. The hound bites you but does no damage.
You hit the hound but do no damage.
The hound is lightly wounded.
The hound bites you but does no damage. The orc hits you but does no damage.
You hit the hound.
The hound is moderately wounded.
The hound bites you but does no damage. The orc hits you but does no damage.
The hound bites you but does no damage.
You hit the hound.
The hound is heavily wounded.
The hound barely misses you.
The orc hits you with a +2 dagger of venom.
* * * LOW HITPOINT WARNING * * *
You hit the hound but do no damage.
The hound is heavily wounded.
The hound bites you.
* * * LOW HITPOINT WARNING * * *
It was a potion of flight.
You feel very buoyant.
You fly up into the air.
The hound barely misses you. The orc barely misses you. The hound bites you.
* * * LOW HITPOINT WARNING * * *
It was a potion of mutation.
You feel extremely strange.
You feel stupid.
The orc hits you with a +2 dagger of venom.
You die...

######..oo..
#..........>
#....)......
##......8....
#............
#.#o†........
..
#o######.## #
#o#....#.#
#@#......
#h#..#.#
#......#...
#.#.......#
#.+........
###........
#........
........#
........#


You could see a hound and 3 orcs.

Vanquished Creatures
  An ogre (D:4)
  A hound (D:4)
  Natasha (thrice) (D:2)
  3 adders (D:3)
  3 dart slugs
  3 orcs
  An endoplasm (D:2)
  3 giant cockroaches
  6 goblins
  3 hobgoblins
  4 jackals (D:1)
  9 ball pythons
  3 bats
  2 frilled lizards
  4 kobolds
  7 rats
56 creatures vanquished.

Notes
Turn   | Place    | Note
-------+----------+-------------------------------------------
     0 | D:1      | BlueGoblin the Ogre Conjurer began the quest for the Orb.
     0 | D:1      | Reached XP level 1. HP: 16/16 MP: 3/3
   159 | D:1      | Found a faded altar of an unknown god.
   225 | D:1      | Reached XP level 2. HP: 24/24 MP: 3/5
   228 | D:1      | Learned a level 2 spell: Searing Ray
   251 | D:1      | Reached skill level 4 in Conjurations
  1125 | D:1      | Reached XP level 3. HP: 31/31 MP: 3/6
  1733 | D:2      | Noticed Natasha
  1740 | D:2      | Killed Natasha
  1741 | D:2      | Reached XP level 4. HP: 18/39 MP: 1/8
  1915 | D:2      | Found a radiant altar of Vehumet.
  1929 | D:2      | Became a worshipper of Vehumet
  1961 | D:2      | Noticed Natasha
  1974 | D:2      | Killed Natasha
  2096 | D:2      | Noticed Natasha
  2102 | D:2      | Killed Natasha
  2103 | D:2      | Reached skill level 5 in Conjurations
  2103 | D:2      | Reached XP level 5. HP: 43/45 MP: 4/9
  3112 | D:4      | Noticed an ogre
  3119 | D:4      | Killed an ogre
  3120 | D:4      | Reached XP level 6. HP: 37/53 MP: 5/12
  3151 | D:4      | Gained mutation: You are dopey. (Int -2) [potion of
                  | mutation]
  3151 | D:4      | Slain by an orc

Illustrated notes

Levels and vault maps discovered:
D:1:      lemuel_arrival_broad_hall, layout_loops_corners,
          ebering_ecumenical_altar_sacrificial
D:2:      layout_rooms, basic_altar, uniq_natasha
D:3:      layout_basic
D:4:      layout_basic, serial_curves, eino_curves_03, eino_curves_04,
          eino_curves_03, eino_curves_03, portal_sewer_entry_f, st_stairs_1

Skill      XL: |  1  2  3  4  5 |
---------------+----------------+-----
Conjurations   | 4 5 |  5.3
Spellcasting   | 3 4 |  4.1
Dodging        | 2 |  2.1
Stealth        | 2 |  2.4
Fighting       | |  0.1
Short Blades   | |  0.1

Action                   |  1- 3 |  4- 6 || total
-------------------------+-------+-------++-------
Melee: Dagger            |     4 |    18 ||    22
 Cast: Magic Dart        |    11 |     3 ||    14
       Searing Ray       |    25 |    13 ||    38
  Use: Scroll            |     1 |       ||     1
       Potion            |       |     2 ||     2
 Stab: Sleeping          |     1 |       ||     1
Armor: Robe              |     2 |    15 ||    17
Dodge: Dodged            |     6 |    17 ||    23

Table legend: (Time is in decaauts)
 A = Elapsed time spent in this place.
 B = Non-inter-level travel time spent in this place.
 C = Inter-level travel time spent in this place.
 D = Time resting spent in this place.
 E = Time spent auto-exploring this place.
 F = Levels seen in this place.
 G = Mean time per level.
                   A        B        C        D        E       F      G
               +--------+--------+--------+--------+--------+-----+--------+
         Total |   3167 |   3114 |     53 |    925 |   1697 |   4 |  791.8 |
       Dungeon |   3167 |   3114 |     53 |    925 |   1697 |   4 |  791.8 |
               +--------+--------+--------+--------+--------+-----+--------+

Top non-repeatable levels by time:
     D:1: 1338 daAuts
     D:2: 986 daAuts
     D:3: 763 daAuts
     D:4: 78 daAuts
